 Dungeon Crawl Stone Soup version 0.25.0-9-g26727b657a (webtiles) character file.

Game seed: 14059741803518801063

27 HungrySpirit the Stinger (level 3, 0/22 HPs)
             Began as an Octopode Venom Mage on June 16, 2020.
             Slain by a rat (3 damage)
             ... on level 2 of the Dungeon.
             The game lasted 00:01:19 (982 turns).

HungrySpirit the Stinger (Octopode Venom Mage)       Turns: 982, Time: 00:01:19

Health: 0/22       AC:  1    Str:  7    XL:     3   Next: 10%
Magic:  0/6        EV: 13    Int: 18    God:
Gold:   19         SH:  0    Dex: 12    Spells: 5/6 levels left

rFire    . . .     SeeInvis .   (no weapon)
rCold    . . .     Gourm    .   (no shield)
rNeg     . . .     Faith    .   (helmet restricted)
rPois    .         Spirit   .   (no amulet)
rElec    .         Reflect  .   (no ring)
rCorr    .         Harm     .   (no ring)
MR       .....                  (no ring)
Stlth    +++.......             (no ring)
HPRegen  0.07/turn              (no ring)
MPRegen  0.10/turn              (no ring)
                                (no ring)
                                (no ring)

@: mighty, lethally poisoned (0 -> -3), hasted, very quick
A: almost no armour, stealthy swim, amphibious, 8 rings, constrict 8, camouflage
1, gelatinous body 1
a: no special abilities


You were on level 2 of the Dungeon.
You were not hungry.

You visited 1 branch of the dungeon, and saw 2 of its levels.

You collected 19 gold pieces.

Inventory:

Scrolls
 e - 2 scrolls of teleportation {unknown}
Potions
 a - a potion of haste
 c - a potion of might
 d - a potion of curing {unknown}
 f - a potion of degeneration {unknown}
Comestibles
 b - 4 rations


   Skills:
 + Level 0.8 Fighting
 - Level 2.0 Dodging
 - Level 2.6 Stealth
 + Level 0.9 Unarmed Combat
 + Level 2.2 Spellcasting
 + Level 1.3 Transmutations
 * Level 4.2 Poison Magic


You had 5 spell levels left.
You knew the following spells:

 Your Spells              Type           Power        Failure   Level  Hunger
a - Sting                 Tmut/Pois      ##..         5%          1    #......

Your spell library contained the following spells:

 Spells                   Type           Power        Failure   Level  Hunger
 Poisonous Vapours        Pois/Air       #.....       12%         2    ###....
 Ignite Poison            Fire/Tmut/Pois #.......     26%         3    ###....
 Mephitic Cloud           Conj/Pois/Air  #.......     30%         3    ###....
 Olgreb's Toxic Radiance  Pois           ###.....     30%         4    #####..


Dungeon Overview and Level Annotations

Branches:
Dungeon (2/15)

Altars:


Innate Abilities, Weirdness & Mutations

You cannot wear most types of armour.
You are very stealthy in the water. (Stealth+)
You are amphibious.
You can wear up to eight rings at the same time.
You can use your tentacles to constrict eight enemies at once.
Your skin changes colour to match your surroundings (Stealth+).
Your rubbery body absorbs attacks. (AC +1, EV +1)


Message History

The adder bites you.
* * * LOW HITPOINT WARNING * * *
The rat barely misses you.
* * * LOW HITPOINT WARNING * * *
You feel sick.
You kill the adder!
You have reached level 3!
Your experience leads to an increase in your attributes!
Increase (S)trength, (I)ntelligence, or (D)exterity?
You feel clever.
Casting: Sting (safe; 5% risk of failure)
Confirm with . or Enter, or press ? or * to list all spells.
You don't have enough magic to cast that spell.
It was a potion of haste.
You feel yourself speed up.
* * * LOW HITPOINT WARNING * * *
You feel sick.
It was a potion of might.
You feel very mighty all of a sudden. The rat bites you.
You die...

#........?.###+
#.....######
####..# ##..#
#...# #...#
#..## #r.#
##@.# #...+
#...# #...#
#.### #.#######
#.#.<...#
#.#####.#
#.......#


You could see a rat.

Vanquished Creatures
  An adder (D:2)
  An ooze (D:1)
  2 leopard geckos (D:1)
  3 goblins (D:1)
  A hobgoblin (D:1)
  A frilled lizard (D:1)
  2 kobolds (D:1)
  2 rats (D:1)
13 creatures vanquished.

Notes
Turn   | Place    | Note
-------+----------+-------------------------------------------
     0 | D:1      | HungrySpirit the Octopode Venom Mage began the quest for
                  | the Orb.
     0 | D:1      | Reached XP level 1. HP: 11/11 MP: 3/3
    91 | D:1      | Reached XP level 2. HP: 18/18 MP: 1/5
   263 | D:1      | Reached skill level 4 in Poison Magic
   979 | D:2      | Reached XP level 3. HP: 4/22 MP: 0/6
   982 | D:2      | Slain by a rat

Illustrated notes

Levels and vault maps discovered:
D:1:      lemuel_arrival_behind_the_door_large, layout_loops_corners,
          serial_forest, infiniplex_forest_clump_double,
          infiniplex_forest_clump_curved, infiniplex_forest_end_2,
          infiniplex_forest_lined_1, infiniplex_forest_straight_2,
          infiniplex_forest_end_3, minmay_misc_feat_columns
D:2:      kb_forest_paths, layout_basic, lightli_corner_chamber

Skill      XL: |  1  2 |
---------------+-------+-----
Poison Magic   | 4 |  4.2
Fighting       | |  0.8
Dodging        | |  2.0
Stealth        | |  2.6
Unarmed Combat | |  0.9
Spellcasting   | |  2.2
Transmutations | |  1.3

Action                   || total
-------------------------++-------
Melee: Unarmed           ||    21
       Constrict         ||     8
       Tentacles         ||     2
 Cast: Sting             ||    10
  Use: Potion            ||     2
 Stab: Sleeping          ||     1
Armor: Skin              ||     3
Dodge: Dodged            ||    18
